 Dungeon Crawl Stone Soup version 0.31-a0-1591-g515db51633 (webtiles) character file.

Game seed: 3517592285124207642

44 lessens the Chopper (level 3, 0/42 HPs)
             Began as a Hill Orc Hexslinger on Jan 6, 2024.
             Slain by a cerulean imp
             ... wielding a +0 spear
             ... summoned by Natasha
              (1 damage)
             ... on level 2 of the Dungeon.
             The game lasted 00:01:56 (1421 turns).

lessens the Chopper (Hill Orc Hexslinger)           Turns: 1421, Time: 00:01:57

Health: 0/42       AC: 21    Str: 12    XL:     3   Next: 60%
Magic:  4/4        EV:  2    Int: 13    God:
Gold:   98         SH:  0    Dex: 13    Spells: 4/4 levels left

rFire   . . .        a - +1 sling
rCold   . . .        (no shield)
rNeg    . . .        c - melded +0 robe
rPois   +            (helmet currently unavailable)
rElec   .            (cloak currently unavailable)
rCorr   .            (gloves currently unavailable)
SInv    .            (boots currently unavailable)
Will    .....        (no amulet)
Stlth   +            (no ring)
HPRegen 0.27/turn    (no ring)
MPRegen 0.09/turn

%: no passive effects
@: tree-form, slowed, very slow
A: stationary, stasis, torment immunity, boosted hp
a: no special abilities


You were on level 2 of the Dungeon.
You were a tree.
You visited 1 branch of the dungeon, and saw 2 of its levels.

You collected 98 gold pieces.

Inventory:

Hand Weapons
 a - a +1 sling (weapon)
Missiles
 d - 15 stones
 i - 5 poisoned darts
Armour
 c - a +0 robe (melded)
Jewellery
 e - an amulet of guardian spirit
Scrolls
 b - a scroll of poison
 k - 2 scrolls of identify {unknown}
 n - a scroll of silence {unknown}
Potions
 f - a potion of magic {unknown}
 g - a potion of brilliance {unknown}
 h - a potion of curing {unknown}
 j - a potion of heal wounds {unknown}
 l - a potion of enlightenment {unknown}
 m - a potion of lignification


   Skills:
 - Level 1.2 Fighting
 + Level 4.2 Axes
 - Level 1.7 Ranged Weapons
 - Level 1.5 Dodging
 - Level 1.0 Spellcasting
 - Level 3.0 Hexes
 - Level 1.1 Fire Magic


You had 4 spell levels left.
You didn't know any spells.
Your spell library contained the following spells:

 Spells                   Type           Power      Damage    Failure   Level
 Jinxbite                 Hex            16%        N/A       12%         2
 Sigil of Binding         Hex            8%         N/A       24%         3
 Inner Flame              Hex/Fire       5%         N/A       36%         3
 Cause Fear               Hex            4%         N/A       63%         4
 Dimensional Bullseye     Hex/Tloc       2%         N/A       83%         4


Dungeon Overview and Level Annotations

Branches:
Dungeon (2/15) Zot: 10535

Altars:

Annotations:
D:2 Natasha


Message History

Okay, then.
The cerulean imp misses you.
The cerulean imp hits you from afar with a +0 spear.
* * * LOW HITPOINT WARNING * * *
The cerulean imp attacks as it pursues you!
The cerulean imp closely misses you.
The cerulean imp attacks as it pursues you!
The cerulean imp hits you from afar with a +0 spear.
* * * LOW HITPOINT WARNING * * *
The cerulean imp barely misses you.
The cerulean imp attacks as it pursues you!
The cerulean imp hits you from afar with a +0 spear.
* * * LOW HITPOINT WARNING * * *
It was a potion of lignification.
You turn into a tree.
Your +0 robe melds into your body.
Your roots penetrate the ground.
The cerulean imp hits you but does no damage.
Fire: a) +1 sling
Press: ? - help, Q - select action, (/) - cycle Shift-Dir - straight line, f/p - Natasha
Aim: Natasha (moderately wounded, 45% to hit)
You shoot a sling bullet.
The sling bullet closely misses Natasha.
The cerulean imp hits you but does no damage. x2
Fire: a) +1 sling
Press: ? - help, Q - select action, (/) - cycle Shift-Dir - straight line, f/p - Natasha
Aim: Natasha (moderately wounded, 45% to hit)
You shoot a sling bullet. The sling bullet hits Natasha.
Natasha is severely wounded.
Natasha barely misses you.
The cerulean imp hits you from afar with a +0 spear.
* * * LOW HITPOINT WARNING * * *
Fire: a) +1 sling
Press: ? - help, Q - select action, (/) - cycle Shift-Dir - straight line, f/p - Natasha
Aim: Natasha (severely wounded, 45% to hit)
You shoot a sling bullet. The sling bullet misses Natasha.
The sling bullet hits the cerulean imp.
The cerulean imp is moderately wounded.
Natasha stares at you and mumbles some strange words.
You feel yourself slow down.
The cerulean imp hits you from afar with a +0 spear.
You die...

.... ##.#.##.##.#.##.#.###...
..... ##)#.###.#.##.#.####.#.
..... ##.#.#.#.##.#.##....#.
...... ##.#.#.##.#.##....>#.
......### ##.#.##.#.##..#####.
.....h'.# ##.##.#.##..##.....
......#.########.#.##..###.####
..... #......##...##..## #.####
.... ######5h♣......## #.....
... ########### ###### .. .


You could see Natasha and a cerulean imp (summoned).

Vanquished Creatures
  2 dart slugs (D:1)
  A bat (D:1)
  An endoplasm (D:1)
  3 giant cockroaches
  6 goblins
  6 hobgoblins
  2 quokkas (D:1)
  5 ball pythons
  3 frilled lizards
  6 kobolds (D:1)
  A rat (D:2)
36 creatures vanquished.

Notes
Turn   | Place    | Note
-------+----------+-------------------------------------------
     0 | D:1      | lessens the Hill Orc Hexslinger began the quest for the
                  | Orb.
     0 | D:1      | Reached XP level 1. HP: 16/16 MP: 2/2
    55 | D:1      | Reached skill level 1 in Axes
   106 | D:1      | Reached skill level 2 in Axes
   143 | D:1      | Reached XP level 2. HP: 23/23 MP: 3/3
   382 | D:1      | Reached skill level 3 in Axes
   590 | D:1      | Reached XP level 3. HP: 27/28 MP: 4/4
  1111 | D:2      | Reached skill level 4 in Axes
  1405 | D:2      | Noticed Natasha
  1420 | D:2      | HP: 1/42 [cerulean imp/+0 spear[Natasha] (4)]
  1421 | D:2      | Slain by a cerulean imp

Illustrated notes

Levels and vault maps discovered:
D:1:      onia_arrival_mini_spirals, layout_basic
D:2:      minmay_inner_zag, layout_basic, minmay_crystal_room, uniq_jessica,
          uniq_natasha

Skill      XL: |  1  2  3 |
---------------+----------+-----
Axes           | 2 3 4 |  4.2
Fighting       | |  1.2
Ranged Weapons | |  1.7
Dodging        | |  1.5
Spellcasting   | |  1.0
Hexes          | |  3.0
Fire Magic     | |  1.1

Action                     || total
---------------------------++-------
   Fire: Sling             ||   136
    Use: Potion            ||     1
 Armour: Robe              ||    50
         Skin              ||     5
  Dodge: Dodged            ||    69

Table legend: (Time is in decaauts)
 A = Elapsed time spent in this place.
 B = Non-inter-level travel time spent in this place.
 C = Inter-level travel time spent in this place.
 D = Time resting spent in this place.
 E = Time spent auto-exploring this place.
 F = Levels seen in this place.
 G = Mean time per level.
                   A        B        C        D        E       F      G
               +--------+--------+--------+--------+--------+-----+--------+
         Total |   1463 |   1436 |     27 |      0 |   1181 |   2 |  731.5 |
       Dungeon |   1463 |   1436 |     27 |      0 |   1181 |   2 |  731.5 |
               +--------+--------+--------+--------+--------+-----+--------+

Top non-repeatable levels by time:
     D:1: 1038 daAuts
     D:2: 424 daAuts

Levels and vault maps discovered:
D:1:      onia_arrival_mini_spirals, layout_basic
D:2:      minmay_inner_zag, layout_basic, minmay_crystal_room, uniq_jessica,
          uniq_natasha
